Lightning vs BlackHawks

Created - November-10-14 at 17:11

Goals
1 2 3 T
Lightning 2 2 0 4
BlackHawks 1 2 2 5
Shots
1 2 3 T
Lightning 8 9 18 35
BlackHawks 10 12 13 35

1st period

1. Lightning , Henrik Sedin 1 (Patrick Kane, Erik Gudbranson) at 3:28
2. Lightning , Scott Hannan 2 (Tomas Plekanec, Teddy Purcell) at 12:41
3. BlackHawks , Scott Hartnell 6 (Jarred Tinordi) at 15:32

Penalties :
Jarred Tinordi (CHI) for Holding (Minor) at 10:29, Maxime Talbot (TBL) for Tripping (Minor) at 10:29, Dion Phaneuf (CHI) for Roughing (Minor) at 13:21

2nd period

4. Lightning , Andrej Sekera 5 (Patrick Kane, Henrik Sedin) at 3:39 (PP)
5. Lightning , Brad Richards 10 (Jason Chimera, Andrej Meszaros) at 4:10
6. BlackHawks , Scott Hartnell 7 (Jarred Tinordi, Alex Galchenyuk) at 12:48
7. BlackHawks , Jarred Tinordi 2 (Chris Stewart, Scott Hartnell) at 16:30 (PP)

Penalties :
Lars Eller (CHI) for Holding Stick (Minor) at 3:07, Henrik Sedin (TBL) for High sticking (Minor) at 14:43

3rd period

8. BlackHawks , Kevin Bieksa 2 (Luke Schenn, Lars Eller) at 4:32
9. BlackHawks , Scott Hartnell 8 (Alexei Emelin, Kevin Bieksa) at 18:20 (PP)

Penalties :
Zack Smith (CHI) for Boarding (Minor) at 2:36, Jason Chimera (TBL) for Tripping (Minor) at 4:28, Henrik Sedin (TBL) for Hooking (Minor) at 6:50, Brandon Bollig (CHI) for Holding (Minor) at 10:04, Luke Schenn (CHI) for Goalie Interference (Minor) at 12:36, Zack Smith (CHI) for Hooking (Minor) at 14:10, Brent Seabrook (TBL) for Holding (Minor) at 17:00

Goalie Stats

Jaroslav Halak (TBL), 30 saves from 35 shots - (0.857), L, 7-5-0, 59:01 minutes
Eddie Lack (CHI), 31 saves from 35 shots - (0.886), W, 3-6-2, 60:00 minutes

Players Stats for Lightning

Player Name              G  A  P  +/- PIM S  H  SB GA TA FO     MP     PP MP  PK MP  
------------------------------------------------------------------------------------
Andrej Meszaros          0  1  1   0  0   3  0  1  0  0  0/0    19:32   3:51   3:34 
Andrej Sekera            1  0  1   0  0   5  1  2  0  0  0/0    26:08   6:04   3:48 
Brad Richards            1  0  1   1  0   3  1  0  0  0  14/26  19:07   4:41   2:12 
Brent Seabrook           0  0  0   0  2   2  2  1  0  0  0/0    25:40   6:04   2:56 
Cam Atkinson             0  0  0   1  0   3  0  0  0  0  0/0    18:19   4:41   0:56 
Curtis Glencross         0  0  0   0  0   2  2  0  0  0  1/2    23:04   5:14   0:26 
David Schlemko           0  0  0  -1  0   1  1  0  0  0  0/0    12:54   0:00   0:28 
Eric Fehr                0  0  0   0  0   2  0  0  0  0  0/0     3:50   0:00   0:00 
Erik Gudbranson          0  1  1   1  0   4  2  1  0  0  0/0    20:30   3:51   2:42 
Henrik Sedin             1  1  2   1  4   3  0  0  0  0  19/34  21:46   5:14   0:00 
Jason Chimera            0  1  1   1  2   1  1  0  0  0  0/0    17:45   4:40   1:42 
Luca Sbisa               0  0  0   1  0   0  0  0  0  0  0/0     2:21   0:00   0:00 
Maxim Lapierre           0  0  0   0  0   0  0  0  0  0  11/15   8:10   0:00   4:20 
Maxime Talbot            0  0  0  -1  2   0  1  0  0  0  1/3    17:23   0:00   4:20 
Patrick Kane             0  2  2   0  0   3  0  0  0  0  3/6    22:38   5:14   0:00 
Scott Hannan             1  0  1  -1  0   1  2  3  0  0  0/0    12:54   0:00   0:28 
Teddy Purcell            0  1  1  -1  0   2  0  0  0  0  0/0     9:39   0:00   0:00 
Tomas Plekanec           0  1  1  -1  0   0  0  0  0  0  5/8     9:11   0:00   0:00 

Players Stats for BlackHawks

Player Name              G  A  P  +/- PIM S  H  SB GA TA FO     MP     PP MP  PK MP  
------------------------------------------------------------------------------------
Alex Galchenyuk          0  1  1   1  0   1  0  0  0  0  8/27   19:26   3:24   3:50 
Alexei Emelin            0  1  1  -1  0   1  0  4  0  0  0/0    24:22   3:05   5:00 
Brandon Bollig           0  0  0  -1  2   0  4  0  0  0  0/2    19:42   0:00   4:29 
Chris Stewart            0  1  1   2  0   3  2  0  0  0  1/2    16:33   3:24   0:00 
David Booth              0  0  0  -1  0   2  2  0  0  0  1/1    14:29   0:00   0:00 
Dion Phaneuf             0  0  0  -1  2   5  1  3  0  0  0/0    23:17   3:33   3:28 
Douglas Murray           0  0  0   0  0   0  1  0  0  0  0/0     8:01   3:34   0:00 
Dwight King              0  0  0  -1  0   0  0  0  0  0  1/3    17:24   0:00   3:35 
Jarred Tinordi           1  2  3   0  2   2  3  1  0  0  0/0    15:21   0:20   0:13 
Kevin Bieksa             1  1  2   1  0   5  2  4  0  0  0/0    23:00   5:25   5:34 
Lars Eller               0  1  1   0  2   2  3  0  0  0  9/24   18:33   3:34   0:00 
Luke Schenn              0  1  1   1  2   1  2  4  0  0  0/0    10:54   0:00   0:00 
Matt Greene              0  0  0   0  0   1  4  0  0  0  0/0    18:23   1:33   5:22 
Michal Rozsival          0  0  0   0  0   0  1  0  0  0  0/0     0:13   0:00   0:13 
Nathan Horton            0  0  0  -1  0   1  0  0  0  0  1/1    13:16   3:34   0:00 
Scott Hartnell           3  1  4   1  0   7  3  2  0  0  1/6    25:08   3:24   3:59 
Trevor Lewis             0  0  0   0  0   2  1  0  0  0  3/6     5:32   0:00   0:00 
Zack Smith               0  0  0  -1  4   2  1  0  0  0  15/22  13:53   0:00   3:31 

3 Stars

1 - Scott Hartnell (CHI)
2 - Kevin Bieksa (CHI)
3 - Jarred Tinordi (CHI)

Power Play

Lightning - 1 on 6 Attempt(s) - 16.67%
BlackHawks - 2 on 4 Attempt(s) - 50.00%

Penalty Kill

Lightning - 2 on 4 Attempt(s) - 50.00% - Score 0 goal in Penalty Kill
BlackHawks - 5 on 6 Attempt(s) - 83.33% - Score 0 goal in Penalty Kill

Official

Referees : Tim Peel and Kevin Pollock
Linesman : Matt MacPherson and Michel Cormier

Game Notes

Scott Hartnell has scored a Hat Trick!

Finance

Level 1 -- Attendance: 4035 (62.08%) -- Ticket Income $605,250
Level 2 -- Attendance: 2815 (56.30%) -- Ticket Income $315,280
Level 3 -- Attendance: 1772 (50.63%) -- Ticket Income $141,760
Level 4 -- Attendance: 1578 (35.07%) -- Ticket Income $89,946
Luxury Box -- Attendance: 573 (57.30%) -- Ticket Income $171,900
Game was played at the United Center
Total Attendance: 10773 (52.55%)
Total Ticket Income: $1,324,136
Other Income: $198,620
Total Income: $1,522,756

% Time on Ice - Lightning

Lines # - Real PCT - Wanted PCT - Time Play
Normal Forward
1 - 40% - 40% - 16:09
2 - 28% - 30% - 11:23
3 - 23% - 20% - 9:11
4 - 9% - 10% - 3:50
Normal Defense
1 - 38% - 40% - 15:25
2 - 26% - 30% - 10:24
3 - 31% - 20% - 12:26
4 - 6% - 10% - 2:18
PP Forward
1 - 53% - 60% - 5:14
2 - 47% - 40% - 4:41
PP Defense
1 - 61% - 60% - 6:04
2 - 39% - 40% - 3:51
PK Forward
1 - 68% - 60% - 4:46
2 - 32% - 40% - 2:12
PK Defense
1 - 61% - 60% - 4:16
2 - 39% - 40% - 2:42
PK3 Forward
1 - 0% - 60%
2 - 0% - 40%
PK3 Defense
1 - 0% - 60%
2 - 0% - 40%
44 Forward
1 - 60% - 60% - 1:15
2 - 40% - 40% - 0:51
44 Defense
1 - 40% - 60% - 0:51
2 - 60% - 40% - 1:15
Last Minute Offensive  - 0:28
Last Minute Defensive  - 0:00
Total
Forward - 60:00
Defense - 60:00

% Time on Ice - BlackHawks

Lines # - Real PCT - Wanted PCT - Time Play
Normal Forward
1 - 28% - 32% - 11:17
2 - 34% - 28% - 13:49
3 - 24% - 22% - 9:42
4 - 14% - 18% - 5:32
Normal Defense
1 - 38% - 37% - 15:25
2 - 27% - 25% - 10:47
3 - 24% - 23% - 9:41
4 - 11% - 15% - 4:27
PP Forward
1 - 49% - 55% - 3:24
2 - 51% - 45% - 3:34
PP Defense
1 - 56% - 60% - 3:53
2 - 44% - 40% - 3:05
PK Forward
1 - 62% - 55% - 5:55
2 - 38% - 45% - 3:35
PK Defense
1 - 59% - 55% - 5:34
2 - 41% - 45% - 3:56
PK3 Forward
1 - 4% - 50% - 0:01
2 - 96% - 50% - 0:24
PK3 Defense
1 - 4% - 55% - 0:01
2 - 96% - 45% - 0:24
44 Forward
1 - 44% - 55% - 0:55
2 - 56% - 45% - 1:11
44 Defense
1 - 41% - 55% - 0:52
2 - 59% - 45% - 1:14
Last Minute Offensive  - 0:00
Last Minute Defensive  - 0:41
Total
Forward - 60:00
Defense - 60:00

Play by Play

1st period


0:01 of 1st period - Alex Galchenyuk wins face-off versus Henrik Sedin in neutral zone.
0:16 of 1st period - Shot by Henrik Sedin.
0:16 of 1st period - Shot Misses the Net.
0:24 of 1st period - Shot by Henrik Sedin.
0:24 of 1st period - Shot Blocked by Alexei Emelin.
0:32 of 1st period - Shot by Patrick Kane.
0:32 of 1st period - Shot Blocked by Alexei Emelin.
1:41 of 1st period - Icing by Matt Greene.
1:42 of 1st period - Dwight King wins face-off versus Tomas Plekanec in BlackHawks zone.
1:50 of 1st period - Icing by Dwight King.
1:51 of 1st period - David Booth wins face-off versus Maxim Lapierre in BlackHawks zone.
2:25 of 1st period - Shot by Eric Fehr.
2:25 of 1st period - Shot Blocked by Luke Schenn.
2:33 of 1st period - Shot by Eric Fehr.
2:33 of 1st period - Shot Misses the Net.
2:46 of 1st period - Icing by Nathan Horton.
2:47 of 1st period - Zack Smith wins face-off versus Henrik Sedin in BlackHawks zone.
3:26 of 1st period - Shot by Patrick Kane.
3:26 of 1st period - Shot Misses the Net.
3:28 of 1st period - Shot by Henrik Sedin.
3:28 of 1st period - Goal by Henrik Sedin - Lightning : 1 - BlackHawks : 0.
3:29 of 1st period - Lars Eller wins face-off versus Brad Richards in neutral zone.
4:36 of 1st period - Icing by David Schlemko.
4:37 of 1st period - Tomas Plekanec wins face-off versus Trevor Lewis in Lightning zone.
5:01 of 1st period - Maxime Talbot is hit by Jarred Tinordi and loses puck.
5:28 of 1st period - Andrej Meszaros is hit by Trevor Lewis and loses puck.
5:37 of 1st period - Shot by Patrick Kane.
5:37 of 1st period - Stopped by Eddie Lack without a rebound.
5:38 of 1st period - Brad Richards wins face-off versus Alex Galchenyuk in BlackHawks zone.
6:09 of 1st period - Shot by Alex Galchenyuk.
6:09 of 1st period - Stopped by Jaroslav Halak with a rebound.
6:17 of 1st period - Shot by David Booth.
6:17 of 1st period - Stopped by Jaroslav Halak without a rebound.
6:18 of 1st period - Zack Smith wins face-off versus Henrik Sedin in Lightning zone.
6:19 of 1st period - Shot by Nathan Horton.
6:19 of 1st period - Deflect By Brandon Bollig.
6:19 of 1st period - Shot Misses the Net.
6:38 of 1st period - Shot by Nathan Horton.
6:38 of 1st period - Deflect By Zack Smith.
6:38 of 1st period - Stopped by Jaroslav Halak without a rebound.
6:39 of 1st period - Tomas Plekanec wins face-off versus Alex Galchenyuk in Lightning zone.
6:41 of 1st period - Icing by Scott Hannan.
6:42 of 1st period - Tomas Plekanec wins face-off versus Alex Galchenyuk in Lightning zone.
6:42 of 1st period - Tomas Plekanec is hit by Scott Hartnell.
7:06 of 1st period - Shot by Teddy Purcell.
7:06 of 1st period - Deflect By Tomas Plekanec.
7:06 of 1st period - Shot Misses the Net.
7:57 of 1st period - Shot by Lars Eller.
7:57 of 1st period - Stopped by Jaroslav Halak without a rebound.
7:58 of 1st period - Henrik Sedin wins face-off versus Zack Smith in Lightning zone.
8:05 of 1st period - Shot by Erik Gudbranson.
8:05 of 1st period - Shot Misses the Net.
8:09 of 1st period - Shot by Henrik Sedin.
8:09 of 1st period - Shot Misses the Net.
8:27 of 1st period - Erik Gudbranson is hit by Brandon Bollig and loses puck.
8:33 of 1st period - Andrej Meszaros is hit by Matt Greene and loses puck.
8:53 of 1st period - Icing by Brandon Bollig.
8:54 of 1st period - Zack Smith wins face-off versus Brad Richards in BlackHawks zone.
9:18 of 1st period - Brad Richards is hit by Kevin Bieksa and loses puck.
9:30 of 1st period - Andrej Sekera is hit by Matt Greene and loses puck.
9:51 of 1st period - Shot by Eric Fehr.
9:51 of 1st period - Stopped by Eddie Lack without a rebound.
9:52 of 1st period - Maxime Talbot wins face-off versus Alex Galchenyuk in BlackHawks zone.
10:29 of 1st period - Minor Penalty to Jarred Tinordi for Holding.
10:29 of 1st period - Minor Penalty to Maxime Talbot for Tripping.
10:30 of 1st period - Patrick Kane wins face-off versus Alex Galchenyuk in BlackHawks zone.
11:28 of 1st period - Cam Atkinson is hit by Lars Eller.
12:29 of 1st period - Shot by Curtis Glencross.
12:29 of 1st period - Stopped by Eddie Lack without a rebound.
12:30 of 1st period - Tomas Plekanec wins face-off versus Zack Smith in BlackHawks zone.
12:39 of 1st period - Shot by Tomas Plekanec.
12:39 of 1st period - Shot Misses the Net.
12:41 of 1st period - Shot by Scott Hannan.
12:41 of 1st period - Goal by Scott Hannan - Lightning : 2 - BlackHawks : 0.
12:42 of 1st period - Maxim Lapierre wins face-off versus Trevor Lewis in neutral zone.
12:47 of 1st period - Maxime Talbot is hit by Brandon Bollig and loses puck.
12:52 of 1st period - Shot by Scott Hartnell.
12:52 of 1st period - Shot Misses the Net.
12:54 of 1st period - Shot by Dion Phaneuf.
12:54 of 1st period - Stopped by Jaroslav Halak with a rebound.
12:56 of 1st period - Shot by Trevor Lewis.
12:56 of 1st period - Stopped by Jaroslav Halak without a rebound.
12:57 of 1st period - Lars Eller wins face-off versus Henrik Sedin in Lightning zone.
13:01 of 1st period - Icing by Andrej Sekera.
13:02 of 1st period - Zack Smith wins face-off versus Henrik Sedin in Lightning zone.
13:02 of 1st period - Zack Smith is hit by Andrej Sekera.
13:08 of 1st period - Shot by Nathan Horton.
13:08 of 1st period - Stopped by Jaroslav Halak without a rebound.
13:09 of 1st period - Henrik Sedin wins face-off versus Lars Eller in Lightning zone.
13:21 of 1st period - Minor Penalty to Dion Phaneuf for Roughing.
13:22 of 1st period - Zack Smith wins face-off versus Brad Richards in BlackHawks zone.
14:00 of 1st period - Shot by Brent Seabrook.
14:00 of 1st period - Deflect By Brad Richards.
14:00 of 1st period - Shot Misses the Net.
14:08 of 1st period - Shot by Cam Atkinson.
14:08 of 1st period - Shot Misses the Net.
14:43 of 1st period - Icing by Andrej Meszaros.
14:44 of 1st period - Henrik Sedin wins face-off versus Dwight King in Lightning zone.
15:04 of 1st period - Patrick Kane is hit by Michal Rozsival and loses puck.
15:07 of 1st period - Shot by Erik Gudbranson.
15:07 of 1st period - Stopped by Eddie Lack without a rebound.
15:08 of 1st period - Zack Smith wins face-off versus Brad Richards in BlackHawks zone.
15:18 of 1st period - Brent Seabrook is hit by Kevin Bieksa and loses puck.
15:21 of 1st period - Shot by Cam Atkinson.
15:21 of 1st period - Shot Blocked by Luke Schenn.
15:27 of 1st period - David Schlemko is hit by Chris Stewart and loses puck.
15:32 of 1st period - Shot by Scott Hartnell.
15:32 of 1st period - Goal by Scott Hartnell - Lightning : 2 - BlackHawks : 1.
15:33 of 1st period - Lars Eller wins face-off versus Maxime Talbot in neutral zone.
15:59 of 1st period - Shot by Eric Fehr.
15:59 of 1st period - Stopped by Eddie Lack with a rebound.
16:01 of 1st period - Shot by Andrej Sekera.
16:01 of 1st period - Stopped by Eddie Lack without a rebound.
16:02 of 1st period - Trevor Lewis wins face-off versus Curtis Glencross in BlackHawks zone.
16:13 of 1st period - Shot by Scott Hartnell.
16:13 of 1st period - Stopped by Jaroslav Halak without a rebound.
16:14 of 1st period - Alex Galchenyuk wins face-off versus Brad Richards in Lightning zone.
16:27 of 1st period - Shot by Brad Richards.
16:27 of 1st period - Shot Misses the Net.
16:29 of 1st period - Shot by Jason Chimera.
16:29 of 1st period - Shot Blocked by Kevin Bieksa.
16:48 of 1st period - Off-side.
16:49 of 1st period - Henrik Sedin wins face-off versus Lars Eller in neutral zone.
16:51 of 1st period - Patrick Kane is hit by David Booth and loses puck.
17:39 of 1st period - Patrick Kane is hit by Dion Phaneuf and loses puck.
18:02 of 1st period - Shot by Scott Hartnell.
18:02 of 1st period - Shot Misses the Net.
18:04 of 1st period - Shot by Trevor Lewis.
18:04 of 1st period - Deflect By Scott Hartnell.
18:04 of 1st period - Shot Misses the Net.
18:06 of 1st period - Shot by Trevor Lewis.
18:06 of 1st period - Stopped by Jaroslav Halak without a rebound.
18:07 of 1st period - Brad Richards wins face-off versus Alex Galchenyuk in Lightning zone.
18:20 of 1st period - Shot by Brad Richards.
18:20 of 1st period - Shot Misses the Net.
18:38 of 1st period - Shot by Brad Richards.
18:38 of 1st period - Shot Misses the Net.
18:44 of 1st period - Shot by Brad Richards.
18:44 of 1st period - Shot Blocked by Kevin Bieksa.
19:16 of 1st period - Shot by Tomas Plekanec.
19:16 of 1st period - Shot Blocked by Jarred Tinordi.
19:19 of 1st period - Icing by Jarred Tinordi.
19:20 of 1st period - Maxim Lapierre wins face-off versus Zack Smith in BlackHawks zone.
19:20 of 1st period - Maxim Lapierre is hit by Jarred Tinordi.
19:29 of 1st period - Jarred Tinordi is hit by Erik Gudbranson and loses puck.
19:47 of 1st period - Off-side.
19:48 of 1st period - Henrik Sedin wins face-off versus Lars Eller in neutral zone.
Goals for this period are 2 for Lightning vs 1 for BlackHawks.
Shots for this period are 8 for Lightning vs 10 for BlackHawks.

2nd period


0:01 of 2nd period - Trevor Lewis wins face-off versus Henrik Sedin in neutral zone.
0:19 of 2nd period - Shot by Patrick Kane.
0:19 of 2nd period - Shot Misses the Net.
0:21 of 2nd period - Shot by Brent Seabrook.
0:21 of 2nd period - Shot Misses the Net.
0:23 of 2nd period - Shot by Brent Seabrook.
0:23 of 2nd period - Stopped by Eddie Lack with a rebound.
0:25 of 2nd period - Shot by Brent Seabrook.
0:25 of 2nd period - Deflect By Patrick Kane.
0:25 of 2nd period - Stopped by Eddie Lack without a rebound.
0:26 of 2nd period - Brad Richards wins face-off versus Lars Eller in BlackHawks zone.
0:29 of 2nd period - Shot by Jason Chimera.
0:29 of 2nd period - Shot Blocked by Luke Schenn.
0:31 of 2nd period - Shot by Brad Richards.
0:31 of 2nd period - Shot Misses the Net.
0:33 of 2nd period - Shot by Jason Chimera.
0:33 of 2nd period - Shot Misses the Net.
0:43 of 2nd period - Shot by Brad Richards.
0:43 of 2nd period - Shot Misses the Net.
0:45 of 2nd period - Shot by Jason Chimera.
0:45 of 2nd period - Shot Blocked by Luke Schenn.
0:47 of 2nd period - Shot by Erik Gudbranson.
0:47 of 2nd period - Stopped by Eddie Lack without a rebound.
0:48 of 2nd period - Henrik Sedin wins face-off versus Brandon Bollig in BlackHawks zone.
1:05 of 2nd period - Shot by Patrick Kane.
1:05 of 2nd period - Shot Misses the Net.
2:54 of 2nd period - Shot by Tomas Plekanec.
2:54 of 2nd period - Shot Misses the Net.
3:07 of 2nd period - Minor Penalty to Lars Eller for Holding Stick.
3:08 of 2nd period - Zack Smith wins face-off versus Henrik Sedin in BlackHawks zone.
3:17 of 2nd period - Shot by Brent Seabrook.
3:17 of 2nd period - Shot Blocked by Kevin Bieksa.
3:39 of 2nd period - Shot by Andrej Sekera.
3:39 of 2nd period - Goal by Andrej Sekera - Lightning : 3 - BlackHawks : 1.
3:40 of 2nd period - Lars Eller wins face-off versus Brad Richards in neutral zone.
3:48 of 2nd period - David Booth is hit by Erik Gudbranson and loses puck.
4:10 of 2nd period - Shot by Brad Richards.
4:10 of 2nd period - Goal by Brad Richards - Lightning : 4 - BlackHawks : 1.
4:11 of 2nd period - Patrick Kane wins face-off versus Alex Galchenyuk in neutral zone.
4:13 of 2nd period - Off-side.
4:14 of 2nd period - Alex Galchenyuk wins face-off versus Henrik Sedin in neutral zone.
4:18 of 2nd period - Off-side.
4:19 of 2nd period - Henrik Sedin wins face-off versus Lars Eller in neutral zone.
5:21 of 2nd period - Icing by Andrej Meszaros.
5:22 of 2nd period - Brad Richards wins face-off versus Alex Galchenyuk in Lightning zone.
5:24 of 2nd period - Icing by Andrej Meszaros.
5:25 of 2nd period - Brad Richards wins face-off versus Alex Galchenyuk in Lightning zone.
5:39 of 2nd period - Shot by Cam Atkinson.
5:39 of 2nd period - Deflect By Brad Richards.
5:39 of 2nd period - Shot Misses the Net.
5:41 of 2nd period - Shot by Brad Richards.
5:41 of 2nd period - Stopped by Eddie Lack without a rebound.
5:42 of 2nd period - Zack Smith wins face-off versus Tomas Plekanec in BlackHawks zone.
6:17 of 2nd period - Shot by Zack Smith.
6:17 of 2nd period - Stopped by Jaroslav Halak without a rebound.
6:18 of 2nd period - Henrik Sedin wins face-off versus Alex Galchenyuk in Lightning zone.
6:18 of 2nd period - Henrik Sedin is hit by Scott Hartnell.
7:24 of 2nd period - Off-side.
7:25 of 2nd period - Brad Richards wins face-off versus Zack Smith in neutral zone.
7:28 of 2nd period - Alexei Emelin is hit by Jason Chimera and loses puck.
7:35 of 2nd period - Shot by Andrej Meszaros.
7:35 of 2nd period - Stopped by Eddie Lack without a rebound.
7:36 of 2nd period - Tomas Plekanec wins face-off versus Lars Eller in BlackHawks zone.
8:05 of 2nd period - Shot by Dwight King.
8:05 of 2nd period - Deflect By David Booth.
8:05 of 2nd period - Stopped by Jaroslav Halak without a rebound.
8:06 of 2nd period - Brad Richards wins face-off versus Alex Galchenyuk in Lightning zone.
8:18 of 2nd period - Icing by Jarred Tinordi.
8:19 of 2nd period - Henrik Sedin wins face-off versus Alex Galchenyuk in BlackHawks zone.
8:32 of 2nd period - Shot by Scott Hartnell.
8:32 of 2nd period - Shot Blocked by Brent Seabrook.
8:38 of 2nd period - Shot by Chris Stewart.
8:38 of 2nd period - Shot Blocked by Andrej Sekera.
8:46 of 2nd period - Shot by Chris Stewart.
8:46 of 2nd period - Deflect By Alex Galchenyuk.
8:46 of 2nd period - Shot Misses the Net.
8:48 of 2nd period - Shot by Alex Galchenyuk.
8:48 of 2nd period - Shot Misses the Net.
10:42 of 2nd period - Kevin Bieksa is hit by David Schlemko and loses puck.
11:10 of 2nd period - Icing by Kevin Bieksa.
11:11 of 2nd period - Henrik Sedin wins face-off versus Lars Eller in BlackHawks zone.
11:14 of 2nd period - Shot by Patrick Kane.
11:14 of 2nd period - Stopped by Eddie Lack without a rebound.
11:15 of 2nd period - Patrick Kane wins face-off versus Alex Galchenyuk in BlackHawks zone.
11:37 of 2nd period - Icing by Andrej Sekera.
11:38 of 2nd period - Henrik Sedin wins face-off versus Zack Smith in Lightning zone.
11:38 of 2nd period - Henrik Sedin is hit by Brandon Bollig.
12:09 of 2nd period - Shot by Henrik Sedin.
12:09 of 2nd period - Shot Misses the Net.
12:11 of 2nd period - Shot by Henrik Sedin.
12:11 of 2nd period - Shot Misses the Net.
12:23 of 2nd period - Maxime Talbot is hit by Zack Smith and loses puck.
12:46 of 2nd period - Shot by Jarred Tinordi.
12:46 of 2nd period - Stopped by Jaroslav Halak with a rebound.
12:48 of 2nd period - Shot by Scott Hartnell.
12:48 of 2nd period - Goal by Scott Hartnell - Lightning : 4 - BlackHawks : 2.
12:49 of 2nd period - Lars Eller wins face-off versus Brad Richards in neutral zone.
12:56 of 2nd period - Dwight King is hit by Brad Richards and loses puck.
13:07 of 2nd period - Shot by Kevin Bieksa.
13:07 of 2nd period - Shot Blocked by Andrej Meszaros.
13:25 of 2nd period - Shot by Lars Eller.
13:25 of 2nd period - Shot Misses the Net.
13:27 of 2nd period - Shot by Matt Greene.
13:27 of 2nd period - Stopped by Jaroslav Halak with a rebound.
13:29 of 2nd period - Shot by Kevin Bieksa.
13:29 of 2nd period - Stopped by Jaroslav Halak without a rebound.
13:30 of 2nd period - Chris Stewart wins face-off versus Patrick Kane in Lightning zone.
13:43 of 2nd period - Shot by Scott Hartnell.
13:43 of 2nd period - Stopped by Jaroslav Halak without a rebound.
13:44 of 2nd period - Maxim Lapierre wins face-off versus Brandon Bollig in Lightning zone.
14:43 of 2nd period - Minor Penalty to Henrik Sedin for High sticking.
14:44 of 2nd period - Maxim Lapierre wins face-off versus Chris Stewart in Lightning zone.
14:44 of 2nd period - Maxim Lapierre is hit by Chris Stewart.
15:38 of 2nd period - Shot by Nathan Horton.
15:38 of 2nd period - Shot Misses the Net.
15:44 of 2nd period - Shot by Douglas Murray.
15:44 of 2nd period - Shot Misses the Net.
15:46 of 2nd period - Shot by Lars Eller.
15:46 of 2nd period - Shot Misses the Net.
15:48 of 2nd period - Shot by Alexei Emelin.
15:48 of 2nd period - Shot Misses the Net.
16:26 of 2nd period - Shot by Scott Hartnell.
16:26 of 2nd period - Deflect By Chris Stewart.
16:26 of 2nd period - Stopped by Jaroslav Halak with a rebound.
16:28 of 2nd period - Shot by Jarred Tinordi.
16:28 of 2nd period - Shot Misses the Net.
16:30 of 2nd period - Shot by Jarred Tinordi.
16:30 of 2nd period - Goal by Jarred Tinordi - Lightning : 4 - BlackHawks : 3.
16:31 of 2nd period - Henrik Sedin wins face-off versus Lars Eller in neutral zone.
16:49 of 2nd period - Curtis Glencross is hit by Jarred Tinordi and loses puck.
17:08 of 2nd period - David Booth is hit by Curtis Glencross.
17:12 of 2nd period - Shot by Henrik Sedin.
17:12 of 2nd period - Stopped by Eddie Lack without a rebound.
17:13 of 2nd period - Brad Richards wins face-off versus Trevor Lewis in BlackHawks zone.
17:50 of 2nd period - Shot by Trevor Lewis.
17:50 of 2nd period - Shot Misses the Net.
18:02 of 2nd period - Shot by Scott Hartnell.
18:02 of 2nd period - Stopped by Jaroslav Halak without a rebound.
18:03 of 2nd period - Henrik Sedin wins face-off versus Lars Eller in Lightning zone.
18:40 of 2nd period - Shot by Lars Eller.
18:40 of 2nd period - Stopped by Jaroslav Halak without a rebound.
18:41 of 2nd period - Zack Smith wins face-off versus Tomas Plekanec in Lightning zone.
18:50 of 2nd period - Shot by Nathan Horton.
18:50 of 2nd period - Shot Blocked by Scott Hannan.
18:52 of 2nd period - Shot by Nathan Horton.
18:52 of 2nd period - Shot Misses the Net.
18:54 of 2nd period - Shot by Jarred Tinordi.
18:54 of 2nd period - Shot Blocked by Scott Hannan.
18:58 of 2nd period - Shot by Zack Smith.
18:58 of 2nd period - Deflect By Nathan Horton.
18:58 of 2nd period - Shot Blocked by Scott Hannan.
19:50 of 2nd period - Shot by Chris Stewart.
19:50 of 2nd period - Stopped by Jaroslav Halak without a rebound.
19:51 of 2nd period - Henrik Sedin wins face-off versus Lars Eller in Lightning zone.
Goals for this period are 2 for Lightning vs 2 for BlackHawks.
Shots for this period are 9 for Lightning vs 12 for BlackHawks.

3rd period


0:01 of 3rd period - Alex Galchenyuk wins face-off versus Henrik Sedin in neutral zone.
0:19 of 3rd period - Henrik Sedin is hit by Scott Hartnell and loses puck.
0:37 of 3rd period - Shot by Scott Hartnell.
0:37 of 3rd period - Stopped by Jaroslav Halak without a rebound.
0:38 of 3rd period - Zack Smith wins face-off versus Brad Richards in Lightning zone.
1:01 of 3rd period - Shot by Zack Smith.
1:01 of 3rd period - Shot Misses the Net.
1:03 of 3rd period - Shot by Alexei Emelin.
1:03 of 3rd period - Stopped by Jaroslav Halak without a rebound.
1:04 of 3rd period - Lars Eller wins face-off versus Maxime Talbot in Lightning zone.
1:07 of 3rd period - Shot by Dwight King.
1:07 of 3rd period - Shot Misses the Net.
1:09 of 3rd period - Shot by David Booth.
1:09 of 3rd period - Shot Misses the Net.
1:11 of 3rd period - Shot by Kevin Bieksa.
1:11 of 3rd period - Shot Misses the Net.
1:27 of 3rd period - Shot by Lars Eller.
1:27 of 3rd period - Shot Misses the Net.
1:39 of 3rd period - Matt Greene is hit by Maxime Talbot and loses puck.
2:33 of 3rd period - Icing by Brent Seabrook.
2:34 of 3rd period - Henrik Sedin wins face-off versus Zack Smith in Lightning zone.
2:36 of 3rd period - Minor Penalty to Zack Smith for Boarding.
2:37 of 3rd period - Alex Galchenyuk wins face-off versus Brad Richards in BlackHawks zone.
2:45 of 3rd period - Jason Chimera is hit by Brandon Bollig and loses puck.
2:59 of 3rd period - Jason Chimera is hit by Matt Greene.
3:31 of 3rd period - Shot by Henrik Sedin.
3:31 of 3rd period - Shot Blocked by Scott Hartnell.
3:33 of 3rd period - Shot by Andrej Sekera.
3:33 of 3rd period - Shot Misses the Net.
3:35 of 3rd period - Shot by Andrej Sekera.
3:35 of 3rd period - Shot Misses the Net.
3:37 of 3rd period - Shot by Brent Seabrook.
3:37 of 3rd period - Shot Misses the Net.
3:39 of 3rd period - Shot by Curtis Glencross.
3:39 of 3rd period - Stopped by Eddie Lack without a rebound.
3:40 of 3rd period - Alex Galchenyuk wins face-off versus Henrik Sedin in BlackHawks zone.
3:46 of 3rd period - Alex Galchenyuk is hit by Brent Seabrook and loses puck.
4:28 of 3rd period - Minor Penalty to Jason Chimera for Tripping.
4:29 of 3rd period - Lars Eller wins face-off versus Patrick Kane in Lightning zone.
4:32 of 3rd period - Shot by Kevin Bieksa.
4:32 of 3rd period - Goal by Kevin Bieksa - Lightning : 4 - BlackHawks : 4.
4:33 of 3rd period - Alex Galchenyuk wins face-off versus Patrick Kane in neutral zone.
4:35 of 3rd period - Off-side.
4:36 of 3rd period - Maxim Lapierre wins face-off versus Lars Eller in neutral zone.
4:55 of 3rd period - Shot by Kevin Bieksa.
4:55 of 3rd period - Stopped by Jaroslav Halak without a rebound.
4:56 of 3rd period - Maxim Lapierre wins face-off versus Alex Galchenyuk in Lightning zone.
5:17 of 3rd period - Shot by Alexei Emelin.
5:17 of 3rd period - Shot Misses the Net.
5:19 of 3rd period - Shot by Chris Stewart.
5:19 of 3rd period - Stopped by Jaroslav Halak without a rebound.
5:20 of 3rd period - Maxim Lapierre wins face-off versus Lars Eller in Lightning zone.
5:20 of 3rd period - Maxim Lapierre is hit by Lars Eller.
5:34 of 3rd period - Andrej Meszaros is hit by Douglas Murray and loses puck.
6:04 of 3rd period - Kevin Bieksa is hit by Brent Seabrook and loses puck.
6:35 of 3rd period - Shot by Scott Hartnell.
6:35 of 3rd period - Shot Misses the Net.
6:50 of 3rd period - Minor Penalty to Henrik Sedin for Hooking.
6:51 of 3rd period - Scott Hartnell wins face-off versus Maxim Lapierre in Lightning zone.
7:02 of 3rd period - Shot by Kevin Bieksa.
7:02 of 3rd period - Stopped by Jaroslav Halak without a rebound.
7:03 of 3rd period - Maxim Lapierre wins face-off versus Lars Eller in Lightning zone.
7:33 of 3rd period - Shot by Dion Phaneuf.
7:33 of 3rd period - Stopped by Jaroslav Halak without a rebound.
7:34 of 3rd period - Brad Richards wins face-off versus Alex Galchenyuk in Lightning zone.
7:49 of 3rd period - Shot by Scott Hartnell.
7:49 of 3rd period - Shot Blocked by Andrej Sekera.
8:10 of 3rd period - Icing by Alexei Emelin.
8:11 of 3rd period - Maxim Lapierre wins face-off versus Alex Galchenyuk in BlackHawks zone.
8:40 of 3rd period - Shot by Dion Phaneuf.
8:40 of 3rd period - Shot Misses the Net.
8:42 of 3rd period - Shot by Dion Phaneuf.
8:42 of 3rd period - Stopped by Jaroslav Halak without a rebound.
8:43 of 3rd period - Lars Eller wins face-off versus Brad Richards in Lightning zone.
8:44 of 3rd period - Shot by Kevin Bieksa.
8:44 of 3rd period - Shot Misses the Net.
8:46 of 3rd period - Shot by Kevin Bieksa.
8:46 of 3rd period - Stopped by Jaroslav Halak without a rebound.
8:47 of 3rd period - Lars Eller wins face-off versus Maxim Lapierre in Lightning zone.
8:48 of 3rd period - Shot by Dion Phaneuf.
8:48 of 3rd period - Stopped by Jaroslav Halak without a rebound.
8:49 of 3rd period - Maxim Lapierre wins face-off versus Lars Eller in Lightning zone.
9:01 of 3rd period - Shot by Henrik Sedin.
9:01 of 3rd period - Stopped by Eddie Lack without a rebound.
9:02 of 3rd period - Brad Richards wins face-off versus Alex Galchenyuk in BlackHawks zone.
9:15 of 3rd period - Shot by Brad Richards.
9:15 of 3rd period - Shot Blocked by Dion Phaneuf.
9:23 of 3rd period - Shot by Jason Chimera.
9:23 of 3rd period - Shot Misses the Net.
9:25 of 3rd period - Shot by Brent Seabrook.
9:25 of 3rd period - Stopped by Eddie Lack with a rebound.
9:33 of 3rd period - Shot by Brad Richards.
9:33 of 3rd period - Shot Hit the Post.
9:35 of 3rd period - Shot by Jason Chimera.
9:35 of 3rd period - Stopped by Eddie Lack without a rebound.
9:36 of 3rd period - Zack Smith wins face-off versus Henrik Sedin in BlackHawks zone.
9:55 of 3rd period - Shot by Patrick Kane.
9:55 of 3rd period - Shot Misses the Net.
10:04 of 3rd period - Minor Penalty to Brandon Bollig for Holding.
10:05 of 3rd period - Brad Richards wins face-off versus Scott Hartnell in BlackHawks zone.
10:14 of 3rd period - Shot by Andrej Sekera.
10:14 of 3rd period - Stopped by Eddie Lack with a rebound.
10:40 of 3rd period - Icing by Andrej Sekera.
10:41 of 3rd period - Zack Smith wins face-off versus Brad Richards in Lightning zone.
11:38 of 3rd period - Shot by Andrej Meszaros.
11:38 of 3rd period - Stopped by Eddie Lack without a rebound.
11:39 of 3rd period - Henrik Sedin wins face-off versus Scott Hartnell in BlackHawks zone.
12:02 of 3rd period - Shot by Andrej Meszaros.
12:02 of 3rd period - Shot Blocked by Alexei Emelin.
12:14 of 3rd period - Shot by Maxime Talbot.
12:14 of 3rd period - Shot Misses the Net.
12:16 of 3rd period - Shot by David Schlemko.
12:16 of 3rd period - Stopped by Eddie Lack with a rebound.
12:18 of 3rd period - Shot by Teddy Purcell.
12:18 of 3rd period - Stopped by Eddie Lack without a rebound.
12:19 of 3rd period - Maxim Lapierre wins face-off versus Dwight King in BlackHawks zone.
12:19 of 3rd period - Erik Gudbranson is hit by Luke Schenn.
12:22 of 3rd period - Maxime Talbot is hit by Luke Schenn and loses puck.
12:36 of 3rd period - Minor Penalty to Luke Schenn for Goalie Interference.
12:37 of 3rd period - Zack Smith wins face-off versus Henrik Sedin in BlackHawks zone.
13:26 of 3rd period - Icing by Brent Seabrook.
13:27 of 3rd period - Henrik Sedin wins face-off versus Scott Hartnell in Lightning zone.
13:51 of 3rd period - Shot by Erik Gudbranson.
13:51 of 3rd period - Stopped by Eddie Lack without a rebound.
13:52 of 3rd period - Brad Richards wins face-off versus Zack Smith in BlackHawks zone.
13:55 of 3rd period - Shot by Cam Atkinson.
13:55 of 3rd period - Shot Blocked by Kevin Bieksa.
14:10 of 3rd period - Minor Penalty to Zack Smith for Hooking.
14:11 of 3rd period - Brad Richards wins face-off versus Scott Hartnell in BlackHawks zone.
14:22 of 3rd period - Shot by Erik Gudbranson.
14:22 of 3rd period - Shot Misses the Net.
14:24 of 3rd period - Shot by Cam Atkinson.
14:24 of 3rd period - Shot Blocked by Scott Hartnell.
14:32 of 3rd period - Shot by Brad Richards.
14:32 of 3rd period - Shot Misses the Net.
14:34 of 3rd period - Shot by Erik Gudbranson.
14:34 of 3rd period - Stopped by Eddie Lack without a rebound.
14:35 of 3rd period - Henrik Sedin wins face-off versus Alex Galchenyuk in BlackHawks zone.
14:38 of 3rd period - Shot by Brent Seabrook.
14:38 of 3rd period - Shot Blocked by Dion Phaneuf.
14:40 of 3rd period - Shot by Curtis Glencross.
14:40 of 3rd period - Shot Blocked by Dion Phaneuf.
14:44 of 3rd period - Shot by Patrick Kane.
14:44 of 3rd period - Shot Misses the Net.
14:57 of 3rd period - Shot by Brent Seabrook.
14:57 of 3rd period - Shot Misses the Net.
14:59 of 3rd period - Shot by Andrej Sekera.
14:59 of 3rd period - Stopped by Eddie Lack with a rebound.
15:01 of 3rd period - Shot by Andrej Sekera.
15:01 of 3rd period - Stopped by Eddie Lack without a rebound.
15:02 of 3rd period - Alex Galchenyuk wins face-off versus Brad Richards in BlackHawks zone.
15:31 of 3rd period - Shot by Cam Atkinson.
15:31 of 3rd period - Stopped by Eddie Lack with a rebound.
15:33 of 3rd period - Shot by Cam Atkinson.
15:33 of 3rd period - Shot Blocked by Alexei Emelin.
15:35 of 3rd period - Shot by Andrej Meszaros.
15:35 of 3rd period - Stopped by Eddie Lack without a rebound.
15:36 of 3rd period - Curtis Glencross wins face-off versus Scott Hartnell in BlackHawks zone.
16:23 of 3rd period - Shot by Lars Eller.
16:23 of 3rd period - Shot Misses the Net.
16:32 of 3rd period - David Booth is hit by Scott Hannan.
16:42 of 3rd period - Shot by Teddy Purcell.
16:42 of 3rd period - Stopped by Eddie Lack without a rebound.
16:43 of 3rd period - Brad Richards wins face-off versus Alex Galchenyuk in BlackHawks zone.
16:52 of 3rd period - Shot by Brad Richards.
16:52 of 3rd period - Stopped by Eddie Lack with a rebound.
16:54 of 3rd period - Shot by Cam Atkinson.
16:54 of 3rd period - Stopped by Eddie Lack without a rebound.
16:55 of 3rd period - Zack Smith wins face-off versus Henrik Sedin in BlackHawks zone.
16:55 of 3rd period - Dion Phaneuf is hit by Curtis Glencross.
17:00 of 3rd period - Minor Penalty to Brent Seabrook for Holding.
17:01 of 3rd period - Nathan Horton wins face-off versus Maxim Lapierre in Lightning zone.
17:14 of 3rd period - Shot by Dion Phaneuf.
17:14 of 3rd period - Stopped by Jaroslav Halak with a rebound.
18:01 of 3rd period - Kevin Bieksa is hit by Scott Hannan and loses puck.
18:20 of 3rd period - Shot by Scott Hartnell.
18:20 of 3rd period - Goal by Scott Hartnell - Lightning : 4 - BlackHawks : 5.
18:21 of 3rd period - Trevor Lewis wins face-off versus Henrik Sedin in neutral zone.
18:30 of 3rd period - Shot by Scott Hartnell.
18:30 of 3rd period - Shot Blocked by Erik Gudbranson.
18:32 of 3rd period - Shot by Luke Schenn.
18:32 of 3rd period - Stopped by Jaroslav Halak without a rebound.
18:33 of 3rd period - Henrik Sedin wins face-off versus Lars Eller in Lightning zone.
18:33 of 3rd period - Henrik Sedin is hit by Lars Eller.
18:53 of 3rd period - Shot by Lars Eller.
18:53 of 3rd period - Shot Misses the Net.
19:01 of 3rd period - Lightning, Jaroslav Halak is pulled from the net.
19:07 of 3rd period - Andrej Sekera is hit by David Booth and loses puck.
19:27 of 3rd period - Andrej Sekera is hit by Matt Greene.
19:34 of 3rd period - Icing by Matt Greene.
19:35 of 3rd period - Zack Smith wins face-off versus Henrik Sedin in BlackHawks zone.
19:51 of 3rd period - Shot by Cam Atkinson.
19:51 of 3rd period - Shot Misses the Net.
19:53 of 3rd period - Shot by Brent Seabrook.
19:53 of 3rd period - Shot Misses the Net.
19:55 of 3rd period - Shot by Brent Seabrook.
19:55 of 3rd period - Deflect By Cam Atkinson.
19:55 of 3rd period - Stopped by Eddie Lack with a rebound.
Goals for this period are 0 for Lightning vs 2 for BlackHawks.
Shots for this period are 18 for Lightning vs 13 for BlackHawks.


Output by the SimonT Hockey Simulator (STHS) for Stephane Roy -- Original Page W3C XHTML 1.0 Valid
Hockey Simulator - Hockey Simulation - Hockey Manager